 Dungeon Crawl Stone Soup version 0.31.0-4-g52a2dc7128 (webtiles) character file.

Game seed: 17416315187732423705

196 solopath the Ruffian (level 5, -4/53 HPs)
             Began as a Troll Fighter on Jan 22, 2024.
             Slain by an orc warrior
             ... wielding a +0 morningstar
              (13 damage)
             ... on level 4 of the Dungeon.
             The game lasted 00:03:21 (2077 turns).

solopath the Ruffian (Troll Fighter)                Turns: 2077, Time: 00:03:21

Health: -4/53      AC:  6    Str: 24    XL:     5   Next: 46%
Magic:  0/4        EV:  8    Int:  6    God:
Gold:   68         SH:  8    Dex:  9    Spells: 4/4 levels left

rFire   . .          .
                       - Unarmed
rCold   . . .        b - +0 kite shield
rNeg    . . .        a - +0 robe
rPois   .            (helmet restricted)
rElec   .            m - +1 cloak
rCorr   .            (gloves unavailable)
SInv    .            (boots unavailable)
Will    .....        o - amulet of guardian spirit
Stlth   +            (no ring)
HPRegen 1.08/turn    (no ring)
MPRegen 0.09/turn

%: guardian spirit
@: no status effects
A: large, unfitting armour, claws 3, regeneration 1, shaggy fur 1, tough skin 1
a: no special abilities


You were on level 4 of the Dungeon.
You visited 1 branch of the dungeon, and saw 4 of its levels.

You collected 112 gold pieces.
You spent 44 gold pieces at shops.

Inventory:

Missiles
 f - 2 throwing nets (quivered)
Armour
 a - a +0 robe (worn)
 b - a +0 kite shield (worn)
 m - a +1 cloak (worn)
Jewellery
 o - an amulet of guardian spirit (around neck)
Scrolls
 d - 7 scrolls of identify {unknown}
 e - a scroll of torment {unknown}
 h - 2 scrolls of poison {unknown}
 i - a scroll of teleportation {unknown}
 j - a scroll of immolation {unknown}
 n - a scroll of fog {unknown}
 p - a scroll of amnesia {unknown}
 q - a scroll of vulnerability {unknown}
Potions
 c - 3 potions of might
 g - a potion of curing {unknown}
 k - a potion of magic {unknown}
 l - a potion of attraction {unknown}


   Skills:
 + Level 3.3 Fighting
 - Level 2.4 Dodging
 + Level 3.6 Shields
 * Level 4.3 Unarmed Combat


You had 4 spell levels left.
You didn't know any spells.
Your spell library contained the following spells:

 Spells                   Type           Power      Damage    Failure   Level
 Apportation              Tloc           0%         N/A       71%         1
 Necrotise                Necr           0%         1d4       71%         1
 Sting                    Conj/Alch      0%         1d3       71%         1
 Summon Small Mammal      Summ           0%         N/A       71%         1
 Mercury Vapours          Alch/Air       0%         N/A       85%         2
 Tukima's Dance           Hex            0%         N/A       97%         3
 Dimensional Bullseye     Hex/Tloc       0%         N/A       100%        4
 Iskenderun's Mystic Bla  Conj/Tloc      0%         2d3       100%        4
 Olgreb's Toxic Radiance  Alch           0%         N/A       100%        4


Dungeon Overview and Level Annotations

Branches:
Dungeon (4/15)
 Temple: D:4-7

Altars:

Shops:
D:1 *


Innate Abilities, Weirdness & Mutations

You are too large for most types of armour.
You have claws for hands.
Your natural rate of healing is unusually fast.
You are covered in fur. (AC +1)
You have tough skin. (AC +1)


Message History

The orc warrior is moderately wounded.
The orc warrior hits you with a +0 morningstar!!
* * * LOW HITPOINT WARNING * * *
You are too injured to fight recklessly!
You are too injured to fight recklessly!
You are too injured to fight recklessly!
You are too injured to fight recklessly!
You are too injured to fight recklessly!
You are too injured to fight recklessly!
You are too injured to fight recklessly!
You are too injured to fight recklessly!
You are too injured to fight recklessly!
You are too injured to fight recklessly!
You are too injured to fight recklessly!
You are too injured to fight recklessly!
Unknown command.
You scratch the orc warrior.
The orc warrior is moderately wounded.
The orc warrior barely misses you.
You claw the orc warrior!
The orc warrior is severely wounded.
You block the orc warrior's attack.
You closely miss the orc warrior.
The orc warrior is severely wounded.
You block the orc warrior's attack.
Unknown command.
You barely miss the orc warrior.
The orc warrior is severely wounded.
The orc warrior hits you with a +0 morningstar.
* * * LOW HITPOINT WARNING * * *
Unknown command.
You scratch the orc warrior.
The orc warrior is severely wounded.
The orc warrior hits you with a +0 morningstar.
* * * LOW HITPOINT WARNING * * *
Unknown command.
You closely miss the orc warrior.
The orc warrior is severely wounded.
The orc warrior hits you with a +0 morningstar!
You die...

#.#.#####[#..##...##.#
#.........#..###.## #
#.###.#####..# .# #.#
#.# #..# .# #.###.#
#..# .# #....## #..#
.# #.#.## #..) #..#.##
#.###@# #.## ##ooo....
## #######


You could see an orc warrior, an orc wizard and an orc.

Vanquished Creatures
  A jelly (D:4)
  Jessica (D:2)
  An orc wizard (D:3)
  5 adders
  3 dart slugs
  A ribbon worm (D:2)
  8 orcs
  5 endoplasms
  2 giant cockroaches (D:1)
  4 goblins
  5 hobgoblins
  4 jackals (D:2)
  A quokka (D:1)
  5 ball pythons
  3 bats
  2 frilled lizards (D:2)
  4 kobolds
  A rat (D:1)
56 creatures vanquished.

Notes
Turn   | Place    | Note
-------+----------+-------------------------------------------
     0 | D:1      | solopath the Troll Fighter began the quest for the Orb.
     0 | D:1      | Reached XP level 1. HP: 22/22 MP: 0/0
   267 | D:1      | Reached XP level 2. HP: 27/29 MP: 1/1
   474 | D:1      | Found Boplekh's Assorted Antiques.
   484 | D:1      | Bought a scroll labelled UVARUH XITOT for 22 gold pieces
   484 | D:1      | Bought a scroll labelled SIBRUSTR JATS for 22 gold pieces
   567 | D:2      | Reached XP level 3. HP: 36/36 MP: 2/2
   691 | D:2      | Reached skill level 3 in Unarmed Combat
   823 | D:2      | Noticed Jessica
   832 | D:2      | Killed Jessica
   833 | D:2      | Reached XP level 4. HP: 44/44 MP: 3/3
  1586 | D:3      | Identified the +1 leather armour "Pamanteo" {Rampage rPois
                  | Regen+ Int-5}
  1611 | D:3      | Reached skill level 4 in Unarmed Combat
  1611 | D:3      | Reached XP level 5. HP: 14/53 MP: 4/4
  2063 | D:4      | Noticed an orc warrior
  2077 | D:4      | Slain by an orc warrior

Illustrated notes

Levels and vault maps discovered:
D:1:      dpeg_arrival_snail, layout_basic, serial_shops, nicolae_lakefront_shop
D:2:      layout_loops_ring, uniq_jessica
D:3:      layout_basic, serial_park_tiny_pond, reono_crystal_passage
D:4:      layout_loops_ring, mainiacjoe_overflow_small_starburst,
          kennysheep_cross_room, uniq_menkaure, uniq_sigmund

Skill      XL: |  1  2  3  4 |
---------------+-------------+-----
Shields        | 3 |  3.6
Unarmed Combat | 3 4 |  4.3
Fighting       | 3 |  3.3
Dodging        | |  2.4

Action                     |  1- 3 |  4- 6 || total
---------------------------+-------+-------++-------
  Melee: Unarmed           |    76 |    94 ||   170
 Armour: Robe              |    40 |    77 ||   117
  Dodge: Dodged            |    31 |    28 ||    59
  Block: Kite shield       |    30 |    26 ||    56
